 Dungeon Crawl Stone Soup version 0.21-a0-507-ga8f6b7a (webtiles) character file.

24 slep the Skirmisher (level 2, 0/24 HPs)
             Began as a Demonspawn Monk on Nov 27, 2017.
             Slain by Sigmund
             ... wielding a +0 scythe
              (3 damage)
             ... on level 2 of the Dungeon.
             The game lasted 00:02:25 (555 turns).

slep the Skirmisher (Demonspawn Monk)                Turns: 555, Time: 00:02:26

Health: 0/24       AC:  3    Str: 11    XL:     2   Next: 79%
Magic:  2/2        EV: 13    Int: 11    God:
Gold:   42         SH:  0    Dex: 15    Spells: 1/1 levels left

rFire    . . .     SeeInvis .   a - +0 spear
rCold    . . .     Gourm    .   (no shield)
rNeg     . . .     Faith    .   b - +0 robe
rPois    .         Spirit   .   j - +0 helmet
rElec    .         Reflect  .   (no cloak)
rCorr    .         Harm     .   (no gloves)
MR       .....                  (no boots)
Stlth    +.........             (no amulet)
HPRegen  0.08/turn              (no ring)
MPRegen  0.08/turn              (no ring)

@: confused
A: claws 1
a: no special abilities


You were on level 2 of the Dungeon.
You were not hungry.

You visited 1 branch of the dungeon, and saw 2 of its levels.

You collected 42 gold pieces.

Inventory:

Hand Weapons
 a - a +0 spear (weapon)
Missiles
 g - 10 poisoned needles
Armour
 b - a +0 robe (worn)
 j - a +0 helmet (worn)
Scrolls
 d - 2 scrolls of amnesia {unknown}
 e - 2 scrolls of remove curse {unknown}
 h - a scroll of blinking {unknown}
Potions
 f - a potion of agility {unknown}
 i - a potion of haste {unknown}
Comestibles
 c - a bread ration


   Skills:
 + Level 3.2 Fighting
 + Level 3.2 Polearms
 + Level 2.9 Dodging
 + Level 2.0 Stealth


You had one spell level left.
You didn't know any spells.

Dungeon Overview and Level Annotations

Branches:
Dungeon (2/15)

Altars:

Annotations:
D:2 Sigmund


Innate Abilities, Weirdness & Mutations

You have sharp fingernails.


Message History

Deactivating autopickup; reactivate with Ctrl-A.
You hit the bat but do no damage.
The bat is severely wounded.
The bat hits you but does no damage. The bat closely misses you.
The bat hits you but does no damage. The bat barely misses you.
The bat hits you but does no damage. The bat barely misses you.
You hit the bat.
You kill the bat!
You are confused.
Something hits you.
* * * LOW HITPOINT WARNING * * *
You hear some strange, mumbled words.
You are more confused.
You miss something.
You hear some strange, mumbled words.
You are more confused.
Something hits you.
You die...

# #..# ####.##..####..
#.....<........ .
...##.##..####.... ..
#.......... ##
#..####..##
######...........
..........###....
#####.....@....##
#........{........
..................
#.......†....%...
#....#...########
#........#.#
#....#...#.## .#
##...........#######..#
..........#..##........


There were no monsters in sight!

Vanquished Creatures
  An ooze (D:1)
  A leopard gecko (D:2)
  A ball python (D:1)
  A giant cockroach (D:1)
  3 goblins (D:1)
  2 hobgoblins (D:1)
  4 bats
  2 frilled lizards (D:1)
  A kobold (D:1)
  5 rats (D:1)
21 creatures vanquished.

Notes
Turn   | Place    | Note
-------+----------+-------------------------------------------
     0 | D:1      | slep the Demonspawn Monk began the quest for the Orb.
     0 | D:1      | Reached XP level 1. HP: 18/18 MP: 1/1
   212 | D:1      | Gained mutation: You have sharp fingernails. [demonic ancestry]
   212 | D:1      | Reached XP level 2. HP: 14/24 MP: 2/2
   526 | D:2      | Noticed Sigmund
   555 | D:2      | Slain by Sigmund

Vault maps used:
D:1:      lightli_arrival_noodles, st_stairs_3
D:2:      first_bread, uniq_sigmund, uniq_terence

Skill      XL: |  1  2 |
---------------+-------+-----
Polearms       | 3 |  3.2
Stealth        | 2 |  2.0
Fighting       | |  3.2
Dodging        | |  2.9

Action                   || total
-------------------------++-------
Melee: Spear             ||    79
 Stab: Sleeping          ||     4
Armor: Robe              ||    22
Dodge: Dodged            ||    44

Table legend:
 A = Spawn XP
 B = Non-spawn XP
 C = Spawn XP percentage of total XP
 D = Spawn monster count
 E = Non-spawn monster count
 F = Spawn count percentage of total count
 G = Total turns spent on level
                    A         B        C        D         E        F      G
               +---------+---------+-------+---------+---------+-------+---------
         Total |       0 |      35 |   0.0 |       0 |      21 |   0.0 |   555
               +---------+---------+-------+---------+---------+-------+---------
           D:1 |       0 |      31 |   0.0 |       0 |      19 |   0.0 |   471
           D:2 |       0 |       4 |   0.0 |       0 |       2 |   0.0 |    84
               +---------+---------+-------+---------+---------+-------+---------
